 Dungeon Crawl Stone Soup version 0.29-a0-364-g921d912d32 (webtiles) character file.

Game seed: 16792732375246614097

247 sokol815 the Covert (level 5, 0/25 HPs)
             Began as a Spriggan Brigand on Apr 30, 2022.
             Was an Initiate of Qazlal.
             Killed by divine providence
             ... invoked by an orc priest
              (8 damage)
             ... on level 5 of the Dungeon.
             The game lasted 00:08:13 (5855 turns).

sokol815 the Covert (Spriggan Brigand)              Turns: 5855, Time: 00:08:14

Health: 0/25       AC:  5    Str:  7    XL:     5   Next: 85%
Magic:  6/6        EV: 16    Int: 19    God:    Qazlal [......]
Gold:   176        SH:  0    Dex: 18    Spells: 4/4 levels left

rFire   . . .      SeeInvis +   a - +1 dagger (freeze)
rCold   . . .      Faith    .   (no shield)
rNeg    . . .      Spirit   .   b - +0 robe
rPois   .          Reflect  .   (helmet restricted)
rElec   .          Harm     .   o - +2 cloak
rCorr   +          Rampage  .   (gloves unavailable)
Will    .....                   (boots unavailable)
Stlth   ++++......              (no amulet)
HPRegen 0.08/turn               I - +6 ring of intelligence
MPRegen 0.10/turn               X - ring of resist corrosion

@: very quick
A: very small, no large weapons, unfitting armour, see invisible, speed 3
a: Renounce Religion


You were on level 5 of the Dungeon.
You worshipped Qazlal.
Qazlal was noncommittal.
You visited 2 branches of the dungeon, and saw 6 of its levels.

You collected 176 gold pieces.

Inventory:

Hand Weapons
 a - a +1 dagger of freezing (weapon)
   (You took it off a kobold on level 4 of the Dungeon)
 c - a +1 whip of freezing
   (You took it off an orc on level 3 of the Dungeon)
 k - a +2 dagger
Missiles
 d - 14 poisoned darts
 e - 3 curare-tipped darts
 s - 60 stones
Armour
 b - a +0 robe (worn)
 o - a +2 cloak (worn)
   (You found it on level 2 of the Dungeon)
Jewellery
 I - a +6 ring of intelligence (left hand)
   (You found it on level 2 of the Dungeon)
 X - a ring of resist corrosion (right hand)
   (You found it on level 2 of the Dungeon)
Scrolls
 Y - 3 scrolls of teleportation {@r3}
Potions
 f - a potion of brilliance {unknown}
 g - a potion of haste {unknown}
 h - 2 potions of heal wounds {unknown}
 i - a potion of degeneration {unknown}
 j - a potion of magic {unknown}
 l - a potion of mutation {unknown}
 n - a potion of curing {unknown}
 L - 2 potions of flight
 R - 3 potions of resistance


   Skills:
 - Level 1.5 Fighting
 + Level 4.2 Short Blades
 - Level 2.0 Throwing
 - Level 1.3 Dodging
 * Level 9.6 Stealth


You had 4 spell levels left.
You didn't know any spells.
Your spell library contained the following spells:

 Spells                   Type           Power      Damage    Failure   Level
 Sting                    Tmut/Pois      0%         1d3       21%         1
 Poisonous Vapours        Pois/Air       0%         N/A       30%         2
 Sublimation of Blood     Necr           0%         N/A       30%         2
 Wereblood                Tmut           0%         N/A       30%         2
 Confusing Touch          Hex            0%         N/A       52%         3
 Conjure Flame            Conj/Fire      0%         6-21      52%         3
 Ignite Poison            Fire/Tmut/Pois 0%         N/A       52%         3
 Olgreb's Toxic Radiance  Pois           0%         N/A       90%         4
 Sticky Flame             Conj/Fire      0%         2d3       90%         4
 Yara's Violent Unravell  Hex/Tmut       0%         3d3       99%         5
 Enfeeble                 Hex            0%         N/A       100%        7
 Summon Hydra             Summ           0%         N/A       100%        7


Dungeon Overview and Level Annotations

Branches:
Dungeon (5/15)             Temple (1/1) D:4

Altars:
Ashenzari
Cheibriados
Elyvilon
Gozag
Hepliaklqana
Kikubaaqudgha
Nemelex Xobeh
Qazlal
Ru
Trog
Uskayaw
Wu Jian
Xom
Yredelemnul
Zin

Shops:
D:1 ?   D:2 =   D:4 [   D:5 *?


Innate Abilities, Weirdness & Mutations

You are very small and have problems with some larger weapons.
You are too small for most types of armour.
You have supernaturally acute eyesight. (SInv)
You cover ground extremely quickly. (Speed+++)


Message History

You hit the orc. You freeze the orc.
You kill the orc!
Qazlal accepts your kill.
You hit the orc. You freeze the orc. The orc hits you but does no damage.
You barely miss the orc. The orc priest hits you with a +0 club.
The orc closely misses you.
You take 4 damage, and have 21/25 hp.
You closely miss the orc. The orc priest barely misses you.
The orc completely misses you.
You closely miss the orc.
The orc priest hits you but does no damage.
The orc hits you but does no damage.
You hit the orc but do no damage.
You hit the orc priest but do no damage.
The orc misses you. The orc priest completely misses you.
You hit the orc priest but do no damage.
The orc priest calls upon Beogh to heal the orc.
The orc's wounds heal themselves!
The orc misses you.
You hit the orc priest but do no damage.
The orc priest barely misses you. The orc closely misses you.
You hit the orc priest. You freeze the orc priest.
The orc priest hits you with a +0 club. The orc closely misses you.
You take 3 damage, and have 18/25 hp.
You hit the orc priest but do no damage.
You barely miss the orc priest.
You punch the orc priest, but do no damage.
The orc misses you.
The orc priest miscasts a cantrip.
You barely miss the orc priest. The orc priest hits you with a +0 club.
The orc completely misses you.
You take 3 damage, and have 15/25 hp.
You barely miss the orc priest. The orc priest hits you with a +0 club.
The orc hits you with a +0 falchion.
* * * LOW HITPOINT WARNING * * *
You take 9 damage, and have 6/25 hp.
MASSIVE DAMAGE!!
Really walk into that teleport trap?
You enter a teleport trap!
The teleport trap disappears.
Your surroundings suddenly seem different.
An iguana, 2 orcs and a scorpion come into view.
Found a book of Displacement.
Found Effowic's Magic Scroll Emporium.
You start resting.
An orc comes into view. It is wielding a +0 hand axe.
You regained 5 hp, and now have 12/25 hp.
The orc shouts! x2; You hear a shout!
You hear an angry hiss.
You hear a shout! x2
An orc comes into view.
It is wielding a +0 trident, wearing a +0 ring mail of poison resistance and wearing an orb of mayhem.
Found Wautyahoa's Assorted Antiques.
Found an escape hatch in the ceiling.
An iguana comes into view.
There is an escape hatch in the ceiling here.
The iguana hisses angrily.
A mysterious force pulls you upwards. The hatch slams shut behind you.
You start resting.
Health restored: 25
(D) Dungeon (T) Temple
Where to? (Enter - D:5, ? - help)
There is a stone staircase leading down, spattered with blood here.
You climb downwards.
There is a stone staircase leading up here.
There is an open door here.
Things that are here:
a +0 scale mail; a +0 hand axe The orc misses you.
You hit the orc but do no damage. You hit the orc. You freeze the orc.
The orc hits you but does no damage.
You hit the orc. You freeze the orc.
You kill the orc!
Qazlal accepts your kill.
No target in view!
No target in view!
Things that are here:
a +0 falchion; a +0 ring mail You open the door.
An orc priest is nearby!
You hit the orc priest but do no damage.
The orc priest barely misses you.
You barely miss the orc priest. The orc priest hits you with a +0 club.
You take 5 damage, and have 20/25 hp.
You hit the orc priest. You freeze the orc priest. You hit the orc priest.
You freeze the orc priest.
The orc priest hits you but does no damage.
You closely miss the orc priest. The orc priest misses you.
You hit the orc priest but do no damage.
The orc priest misses you.
You hit the orc priest but do no damage.
You hit the orc priest but do no damage.
The orc priest invokes the aid of Beogh against you.
Beogh smites you!
You take 12 damage, and have 8/25 hp.
MASSIVE DAMAGE!!
You are too injured to fight recklessly!
You are too injured to fight recklessly!
You hit the orc priest. You freeze the orc priest. The orc priest misses you.
Unknown command.
You hit the orc priest but do no damage.
The orc priest misses you.
You hit the orc priest but do no damage.
The orc priest calls down the wrath of Beogh upon you.
Beogh smites you!
You die...

..## ##### ###### ....
...###..[.# ....##
####'##..##'## ...#
#.....).##...## ####.####
#......##⌠...⌠##
#.......####......#......[#
#.†..†.)#.........#.<.⌠.>.#
.#......†#.##...@..#..)....#
....._..†..#..<.o..##⌠.<.⌠##
##†.....)#.........###...##
#.....†.#...........######
#....)..##.....###.####..#
####.#####........... ...#
#.#####....####^####).#
#..........#.......#oo#
#######....#.......#..#


You could see an orc priest.

Vanquished Creatures
  2 hounds (D:4)
  An iguana (D:5)
  3 gnolls (D:5)
  2 adders
  2 worms
  2 dart slugs
  13 orcs
  7 endoplasms
  3 giant cockroaches
  6 hobgoblins
  10 jackals
  6 kobolds
  3 quokkas
  8 ball pythons
  5 bats
  4 frilled lizards
  5 goblins
  4 rats
86 creatures vanquished.

Vanquished Creatures (collateral kills)
  A frilled lizard (D:2)
1 creature vanquished.

Grand Total: 87 creatures vanquished

Notes
Turn   | Place    | Note
-------+----------+-------------------------------------------
     0 | D:1      | sokol815 the Spriggan Brigand began the quest for the Orb.
     0 | D:1      | Reached XP level 1. HP: 10/10 MP: 2/2
    52 | D:1      | Found a faded altar of an unknown god.
    65 | D:1      | Reached skill level 6 in Stealth
   378 | D:1      | Reached XP level 2. HP: 14/14 MP: 3/3
   557 | D:1      | Found Xyohucib's Magic Scroll Emporium.
  1590 | D:2      | Found Oroink's Jewellery Shoppe.
  1666 | D:2      | Reached skill level 7 in Stealth
  1681 | D:2      | Reached XP level 3. HP: 14/18 MP: 4/4
  1690 | D:2      | HP: 4/18 [worm (10)]
  2268 | D:2      | Reached skill level 3 in Short Blades
  2778 | D:3      | Found a sparkling altar of Nemelex Xobeh.
  2914 | D:3      | Reached XP level 4. HP: 22/22 MP: 5/5
  2948 | D:3      | Found a broken altar of Ashenzari.
  3081 | D:3      | Found a hazy altar of Hepliaklqana.
  3221 | D:3      | Reached skill level 8 in Stealth
  3337 | D:3      | Found a basalt altar of Yredelemnul.
  3965 | D:4      | Found Ucaah's Antique Armour Shop.
  4144 | D:4      | Found a staircase to the Ecumenical Temple.
  4153 | Temple   | Entered the Ecumenical Temple
  4192 | Temple   | Became a worshipper of Qazlal Stormbringer
  4846 | D:4      | Reached XP level 5. HP: 21/25 MP: 6/6
  5102 | D:5      | Entered Level 5 of the Dungeon
  5213 | D:4      | Reached skill level 9 in Stealth
  5214 | D:4      | HP: 6/25 [orc/+0 whip (4)]
  5504 | D:5      | Reached skill level 4 in Short Blades
  5509 | D:5      | Found a hide-covered altar of Uskayaw.
  5536 | D:5      | Found a white marble altar of Elyvilon.
  5576 | D:5      | HP: 6/25 [orc/+0 falchion (4)]
  5579 | D:5      | Found Effowic's Magic Scroll Emporium.
  5647 | D:5      | Found Wautyahoa's Assorted Antiques.
  5855 | D:5      | Killed from afar by an orc priest

Illustrated notes

Levels and vault maps discovered:
D:1:      lemuel_arrival_broad_hall, layout_basic,
          nicolae_ecumenical_snake_handling, serial_shops, shop
D:2:      layout_basic, serial_shops, shop, minmay_pentomino_r2
D:3:      layout_loops_ring, nemelex_spade_bored_becter,
          mainiacjoe_overflow_alcove_2, nicolae_overflow_hidden_temple,
          mainiacjoe_overflow_six_doors_small
D:4:      layout_basic, minmay_temple_entry_statues_pillars, serial_shops, shop,
          minmay_misc_feat_iff, minmay_misc_feat_encased
D:5:      layout_basic, lemuel_tele_altar,
          nicolae_uskayaw_murder_on_the_dancefloor, serial_shops,
          kennysheep_mini_moat, nicolae_shop_statue_plus, grunt_ministairs_7
Temple:   jpeg_temple_island

Skill      XL: |  1  2  3  4  5 |
---------------+----------------+-----
Stealth        | 6 7 8 9 |  9.6
Short Blades   | 3 4 |  4.2
Fighting       | |  1.5
Throwing       | |  2.0
Dodging        | |  1.3

Action                   |  1- 3 |  4- 6 || total
-------------------------+-------+-------++-------
Melee: Dagger            |   151 |   164 ||   315
       Punch             |     1 |     2 ||     3
Throw: Stone             |     8 |       ||     8
  Use: Scroll            |     6 |     5 ||    11
 Stab: Sleeping          |    12 |    16 ||    28
Armor: Robe              |    16 |    25 ||    41
Dodge: Dodged            |   112 |   106 ||   218

Table legend: (Time is in decaauts)
 A = Elapsed time spent in this place.
 B = Non-inter-level travel time spent in this place.
 C = Inter-level travel time spent in this place.
 D = Time resting spent in this place.
 E = Time spent auto-exploring this place.
 F = Levels seen in this place.
 G = Mean time per level.
                   A        B        C        D        E       F      G
               +--------+--------+--------+--------+--------+-----+--------+
         Total |   4541 |   4387 |    154 |   1663 |   2099 |   6 |  756.8 |
       Dungeon |   4339 |   4196 |    143 |   1663 |   1916 |   5 |  867.8 |
        Temple |    202 |    191 |     11 |      0 |    182 |   1 |  202.0 |
               +--------+--------+--------+--------+--------+-----+--------+

Top non-repeatable levels by time:
     D:1: 1642 daAuts
     D:4: 1212 daAuts
     D:3: 724 daAuts
     D:2: 566 daAuts
  Temple: 202 daAuts
     D:5: 193 daAuts

Table legend:
 A = Kills in this place as a percentage of kills in entire the game.
 B = Kills by you in this place as a percentage of kills by you in the entire game.
 C = Kills by friends in this place as a percentage of kills by friends in the entire game.
 D = Other kills in this place as a percentage of other kills in the entire game.
 E = Experience gained in this place as a percentage of experience gained in the entire game.
 F = Experience gained in this place divided by the number of levels of this place that you have seen.
                   A       B       C       D       E      F
               +-------+-------+-------+-------+-------+----------------------
         Total | 100.0 | 100.0 | 100.0 |   N/A | 100.0 |  59.0
       Dungeon | 100.0 | 100.0 | 100.0 |   N/A | 100.0 |  70.8
               +-------+-------+-------+-------+-------+----------------------
